AoeStats
← Lord_Wilfredo

Pilgrims

508946915Analyzed
4v4 RM · 8d ago on Sep 24, 2026· 42m 7s· 8 players
Game mode
Random Map
Map size
Large (8 player)
Population
200
Speed
Normal
Resources
Standard
Victory
Conquest
Starting age
Dark Age
Ending age
Imperial Age
RankedLock teamsTeams togetherTeam positionsShared explorationLock speedFull tech treeHidden civsTurbo modeCheats
Victory
Defeat
🇺🇸 Danes · United States
1446
+14
1441
+14
🇦🇷 Spanish · Argentina
1351
+18
🇺🇸 Persians · United States
1341
+18
🇬🇧 Teutons · United Kingdom
1429
-17
🇬🇧 Danes · United Kingdom
1402
-16
🇲🇽 Franks · Mexico
1386
-16
🇪🇸 Italians · Spain
1369
-15
Alotta Fagina
4:25 Loom
10:59 Feudal Age
11:02 Man-at-Arms
11:58 Double-Bit Axe
16:40 Forging
18:38 Castle Age
18:11 Arson
18:55 Horse Collar
18:59 Long Swordsman
20:56 Wheelbarrow
20:34 Bow Saw
24:15 Gambesons
25:51 Squires
28:33 Scale Mail Armor
30:34 Fletching
31:06 Chain Mail Armor
36:32 Imperial Age
34:19 Hand Cart
33:49 Town Watch
35:23 Hamask
37:18 Two-Handed Swordsman
Mr.Brrum
3:26 Loom
11:23 Feudal Age
12:01 Double-Bit Axe
17:00 Fishing Lines
21:58 Castle Age
22:08 Gold Mining
22:00 Horse Collar
22:53 Bow Saw
22:57 Medium Warships
26:39 Gillnets
32:24 Imperial Age
29:42 Town Watch
31:11 Wheelbarrow
31:28 Fletching
32:02 Padded Archer Armor
32:24 Ballistics
34:31 Bodkin Arrow
36:13 Chemistry
willrhyd
3:19 Loom
10:43 Feudal Age
14:34 Fletching
17:57 Fishing Lines
22:49 Castle Age
23:51 Medium Warships
23:37 Bodkin Arrow
26:07 Double-Bit Axe
26:07 Horse Collar
27:23 Town Watch
28:13 Wheelbarrow
27:50 Gillnets
28:36 Ballistics
33:18 Imperial Age
32:13 Padded Archer Armor
32:19 Scale Mail Armor
32:29 Forging
33:42 Hand Cart
33:54 Clinker Construction
35:08 Padded Archer Armor
36:35 Scale Barding Armor
37:05 Iron Casting
36:45 Cavalier
37:35 Bloodlines
Akuma2k
8:23 Loom
10:27 Feudal Age
15:06 Castle Age
14:00 Double-Bit Axe
19:45 Bow Saw
29:27 Imperial Age
29:11 Wheelbarrow
29:44 Masonry
30:37 Fletching
31:12 Padded Archer Armor
30:43 Elite Skirmisher
31:58 Bodkin Arrow
32:48 Leather Archer Armor
34:00 Ballistics
35:24 Hand Cart
36:33 Chemistry
38:29 Architecture
40:05 Town Watch
41:10 Scale Mail Armor
41:20 Forging
|TheCore| MADKILLER!!!
6:47 Loom
12:48 Feudal Age
13:47 Double-Bit Axe
14:18 Fishing Lines
16:43 Castle Age
14:29 Horse Collar
18:06 Bow Saw
17:59 Heavy Plow
17:53 Gillnets
21:23 Wheelbarrow
25:16 Hand Cart
24:46 Town Watch
25:41 Gold Mining
25:41 Stone Mining
25:53 Town Patrol
26:00 Arson
26:16 Squires
26:01 Gambesons
26:19 Scale Mail Armor
26:29 Forging
30:11 Imperial Age
28:51 Chain Mail Armor
29:12 Iron Casting
29:47 Hamask
32:10 Blast Furnace
31:45 Plate Mail Armor
31:48 Conscription
31:25 Elite Jomsviking
33:12 Hoardings
33:57 Fletching
34:08 Padded Archer Armor
37:21 Northmen's Fury
Cheesewheel24
4:50 Loom
11:04 Feudal Age
11:38 Double-Bit Axe
17:46 Horse Collar
20:35 Castle Age
19:45 Gold Mining
21:15 Bow Saw
21:47 Fishing Lines
25:36 Wheelbarrow
28:03 Hand Cart
29:20 Medium Warships
30:24 Gold Shaft Mining
29:45 Fletching
31:01 Bodkin Arrow
32:11 Gillnets
33:12 Stone Mining
36:05 Imperial Age
34:13 Scale Barding Armor
34:18 Forging
35:39 Chain Barding Armor
35:54 Iron Casting
36:19 Husbandry
36:30 Bloodlines
35:41 Cavalier
37:30 Plate Barding Armor
37:55 Blast Furnace
39:59 Conscription
41:45 Savar
Yucatan_water_supremacy
4:58 Loom
11:06 Feudal Age
16:04 Castle Age
14:57 Double-Bit Axe
14:56 Fishing Lines
17:07 Medium Warships
17:27 Gillnets
18:09 Town Watch
20:19 Bow Saw
23:12 Clinker Construction
25:06 Wheelbarrow
27:03 Imperial Age
24:23 Demolition Ship
27:12 Siphons
29:26 Chemistry
36:31 Fortified Wall
37:38 Silk Road
37:48 Caravan
Lord_Wilfredo
7:42 Loom
11:34 Feudal Age
13:28 Double-Bit Axe
16:27 Castle Age
14:48 Fletching
15:43 Double-Bit Axe
15:57 Stone Mining
16:09 Fishing Lines
16:29 Town Watch
18:17 Bodkin Arrow
28:43 Padded Archer Armor
30:50 Wheelbarrow
34:28 Imperial Age
34:34 Cavalier
35:26 Bloodlines
35:26 Cavalier
36:33 Scale Barding Armor
37:19 Forging
37:59 Chain Barding Armor
37:16 Cavalier
37:29 Cavalier
39:01 Iron Casting
Connection lost

Rejoining the realm…

Still unreachable

The connection could not be restored.

Session expired

The server has moved on; the page needs a fresh start.